 Dungeon Crawl Stone Soup version 0.30-a0-845-g7c6808c8ce (webtiles) character file.

Game seed: 8776167113190430649

11 demibob the Firebug (level 2, -1/19 HPs)
             Began as a Demonspawn Wanderer on Mar 2, 2023.
             Frozen to death by an endoplasm (2 damage)
             ... on level 1 of the Dungeon.
             The game lasted 00:01:03 (254 turns).

demibob the Firebug (Demonspawn Wanderer)            Turns: 254, Time: 00:01:04

Health: -1/19      AC:  2    Str: 12    XL:     2   Next: 17%
Magic:  3/3        EV: 10    Int: 13    God:
Gold:   11         SH:  4    Dex: 12    Spells: 3/3 levels left

rFire   . . .      SeeInvis .    a - +0 club
rCold   . . .      Faith    .    d - +0 buckler
rNeg    . . .      Spirit   .    c - +0 robe
rPois   .          Reflect  .    (no helmet)
rElec   .          Rampage  .    (no cloak)
rCorr   .                        (no gloves)
Will    .....                    (no boots)
Stlth   ++                       (no amulet)
HPRegen 0.23/turn                (no ring)
MPRegen 0.08/turn                (no ring)

@: no status effects
A: weakness stinger 1
a: no special abilities


You were on level 1 of the Dungeon.
You visited 1 branch of the dungeon, and saw 1 of its levels.

You collected 11 gold pieces.


Innate Abilities, Weirdness & Mutations

You have a small tail.


   Skills:
 + Level 1.1 Maces & Flails
 - Level 1.0 Stealth
 + Level 2.2 Shields
 - Level 1.0 Spellcasting
 - Level 2.6 Transmutations
 - Level 2.6 Fire Magic


You had 3 spell levels left.
You didn't know any spells.
Your spell library contained the following spells:

 Spells                   Type           Power      Damage    Failure   Level
 Beastly Appendage        Tmut           14%        N/A       12%         1
 Foxfire                  Conj/Fire      16%        2x1d4     22%         1
 Spider Form              Tmut/Pois      4%         N/A       54%         3
 Kindle Blastsparks       Fire/Tloc/Air  4%         2d10      61%         3
 Petrify                  Tmut/Erth      4%         N/A       91%         4

Inventory:

Hand Weapons
 a - a +0 club (weapon)
Armour
 c - a +0 robe (worn)
 d - a +0 buckler (worn)
Scrolls
 e - 2 scrolls of identify {unknown}
 f - a scroll of teleportation {unknown}
Potions
 b - 2 potions of might

Dungeon Overview and Level Annotations

Branches:
Dungeon (1/15)

Altars:

#.# ### ... ..
#.#### .#
#.##.##.###.##
#.##.)..J.....
#.##J##.###.##
#.##@##.#
###.......#
######...##.####
#......#.##... #.
#......#.######
##.# #......#'#####
...# ##...........#
...# #...........#
...#####..........#


You could see an endoplasm.


Message History

Your demonic ancestry asserts itself...
You grow a small tail.
You hit the goblin.
The goblin is heavily wounded.
The goblin misses you.
You hit the goblin.
You kill the goblin!
The goblin hits you with a +0 club.
* * * LOW HITPOINT WARNING * * *
The goblin attacks as you move away! You block the goblin's attack.
You hit the goblin.
You kill the goblin!
You start resting.
An endoplasm is nearby!
You hit the endoplasm.
Your tail-slap misses the endoplasm.
The endoplasm is moderately wounded.
The endoplasm freezes you.
You are frozen.
* * * LOW HITPOINT WARNING * * *
The endoplasm freezes you.
You are frozen.
* * * LOW HITPOINT WARNING * * *
You hit the endoplasm but do no damage.
The endoplasm is moderately wounded.
The endoplasm hits you but does no damage.
You barely miss the endoplasm.
The endoplasm is moderately wounded.
The endoplasm freezes you.
You are frozen.
You die...

Skill      XL: |  1 |
---------------+----+-----
Shields        | 2 |  2.2
Maces & Flails | 1 |  1.1
Stealth        | |  1.0
Spellcasting   | |  1.0
Transmutations | |  2.6
Fire Magic     | |  2.6

Action                     || total
---------------------------++-------
  Melee: Club              ||    34
   Stab: Sleeping          ||     1
 Armour: Robe              ||     7
  Dodge: Dodged            ||    12
  Block: Buckler           ||     4

Levels and vault maps discovered:
D:1:      elethiomel_arrival_shortcut, layout_basic

Notes
Turn   | Place    | Note
-------+----------+-------------------------------------------
     0 | D:1      | demibob the Demonspawn Wanderer began the quest for the
                  | Orb.
     0 | D:1      | demibob set off with the following items: a +0 club, a
                  | potion of might, a +0 robe, a +0 buckler; and the following
                  | spells available to memorise: Beastly Appendage, Foxfire,
                  | Spider Form, Kindle Blastsparks, Petrify.
     0 | D:1      | Reached XP level 1. HP: 13/13 MP: 2/2
   104 | D:1      | Reached skill level 2 in Shields
   246 | D:1      | Reached skill level 1 in Maces & Flails
   246 | D:1      | Gained mutation: You have a small tail. [demonic ancestry]
   246 | D:1      | Reached XP level 2. HP: 10/19 MP: 3/3
   252 | D:1      | HP: 1/19 [frozen (5)]
   254 | D:1      | Frozen to death by an endoplasm

Vanquished Creatures
  A dart slug (D:1)
  2 bats (D:1)
  An endoplasm (D:1)
  3 goblins (D:1)
  A ball python (D:1)
  A kobold (D:1)
9 creatures vanquished.

Table legend: (Time is in decaauts)
 A = Elapsed time spent in this place.
 B = Non-inter-level travel time spent in this place.
 C = Inter-level travel time spent in this place.
 D = Time resting spent in this place.
 E = Time spent auto-exploring this place.
 F = Levels seen in this place.
 G = Mean time per level.
                   A        B        C        D        E       F      G
               +--------+--------+--------+--------+--------+-----+--------+
         Total |    264 |    264 |      0 |     42 |    143 |   1 |  264.0 |
       Dungeon |    264 |    264 |      0 |     42 |    143 |   1 |  264.0 |
               +--------+--------+--------+--------+--------+-----+--------+

Top non-repeatable levels by time:
     D:1: 264 daAuts

Table legend:
 A = Non-vault XP
 B = Vault XP
 C = Vault XP percentage of total XP
 D = Non-vault monster count
 E = Vault monster count
 F = Vault count percentage of total count
                 A         B        C        D         E       F
            +---------+---------+-------+---------+---------+-------
      Total |      17 |       0 |   0.0 |       9 |       0 |   0.0
            +---------+---------+-------+---------+---------+-------
        D:1 |      17 |       0 |   0.0 |       9 |       0 |   0.0
            +---------+---------+-------+---------+---------+-------
